 Dungeon Crawl Stone Soup version 0.28.0-53-g5a82cb258f (webtiles) character file.

Game seed: 17327419786415037399

99 issech the Skirmisher (level 4, 0/41 HPs)
             Began as a Minotaur Monk on June 5, 2022.
             Slain by a gnoll
             ... wielding a +0 spear
              (5 damage)
             ... on level 2 of the Dungeon.
             The game lasted 00:05:18 (2124 turns).

issech the Skirmisher (Minotaur Monk)               Turns: 2124, Time: 00:05:19

Health: 0/41       AC: 10    Str: 16    XL:     4   Next: 45%
Magic:  3/3        EV: 13    Int:  7    God:
Gold:   111        SH:  0    Dex: 14    Spells: 3/3 levels left

rFire   . . .      SeeInvis .   o - +2 dagger (protect)
rCold   . . .      Faith    .   (no shield)
rNeg    . . .      Spirit   .   b - +0 robe
rPois   .          Reflect  .   (helmet restricted)
rElec   .          Harm     .   (no cloak)
rCorr   .          Rampage  .   (no gloves)
Will    .....                   s - +0 pair of boots
Stlth   ++........              (no amulet)
HPRegen 0.13/turn               (no ring)
MPRegen 0.08/turn               (no ring)

@: under a protective aura
A: horns 2, retaliatory headbutt
a: no special abilities


You were on level 2 of the Dungeon.
You visited 1 branch of the dungeon, and saw 2 of its levels.

You collected 111 gold pieces.

Inventory:

Hand Weapons
 a - a +0 hand axe
 f - a +0 dagger
 o - a +2 dagger of protection (weapon)
 r - a +0 hunting sling
Missiles
 e - 81 stones (quivered)
 g - 2 poisoned darts
 h - 38 arrows
 l - 29 sling bullets
Armour
 b - a +0 robe (worn)
 p - a +0 pair of boots
 s - a +0 pair of boots (worn)
Scrolls
 c - a scroll of fog {unknown}
 k - a scroll of identify {unknown}
Potions
 d - a potion of degeneration {unknown}
 i - a potion of curing {unknown}
 j - a potion of attraction {unknown}
 m - 3 potions of heal wounds {unknown}
 n - a potion of brilliance {unknown}
 q - a potion of might {unknown}


   Skills:
 + Level 4.6 Fighting
 + Level 4.5 Axes
 + Level 4.3 Dodging
 + Level 1.9 Stealth


You had 3 spell levels left.
You didn't know any spells.
Your spell library was empty.

Dungeon Overview and Level Annotations

Branches:
Dungeon (2/15)

Altars:

Shops:
D:2 [


Innate Abilities, Weirdness & Mutations

You have a pair of horns on your head.
You reflexively headbutt those who attack you in melee.


Message History

The gnoll hits you but does no damage. The gnoll completely misses you.
You hit the gnoll.
The gnoll is almost dead.
The gnoll closely misses you. The gnoll barely misses you.
You hit the gnoll but do no damage.
The gnoll is almost dead.
The gnoll hits you but does no damage.
The gnoll hits you from afar with a +0 spear.
You hit the gnoll but do no damage.
You headbutt the gnoll, but do no damage.
The gnoll is almost dead.
The gnoll hits you with a +0 flail. The gnoll misses you.
You barely miss the gnoll.
The gnoll is almost dead.
The gnoll closely misses you. x2
You barely miss the gnoll. You headbutt the gnoll.
You kill the gnoll!
The gnoll closely misses you. The gnoll barely misses you.
The gnoll barely misses you. You furiously retaliate!
You headbutt the gnoll, but do no damage.
The gnoll barely misses you.
You completely miss the gnoll. The gnoll barely misses you.
The gnoll hits you from afar with a +0 spear.
You closely miss the gnoll. Your headbutt misses the gnoll.
The gnoll hits you with a +0 spear.
The gnoll hits you from afar with a +0 spear.
You closely miss the gnoll.
You headbutt the gnoll, but do no damage.
The gnoll hits you with a +0 spear!
* * * LOW HITPOINT WARNING * * *
The gnoll closely misses you.
You hit the gnoll but do no damage.
Your weapon exudes an aura of protection.
You headbutt the gnoll.
The gnoll is lightly wounded.
The gnoll closely misses you.
The gnoll hits you from afar with a +0 spear!
* * * LOW HITPOINT WARNING * * *
The gnoll hits you from afar with a +0 spear.
You die...

...#.####.############..#.#.....#
#.........# #.......#..#.###)###
##†#.###### #..>.#...........†..
.....# ####.##.....##.######.#
.....# #.......#...##.######.#
##.### #.##.##g#......g......#
##.## ##.##..).g..###.##.#####
#...# ##...###..#.####.##.#####
#...# #.......@........##.g.gg.
#...# ##.........##############
#...#######.####.#.# ####
........###.# #.#.# #...
............# #.#.. #.##
........##### #.###. ##.##
#...##### #.# .. #.... #...#
###.# ## #..## #...### #...#####
#..##


You could see 2 gnolls.

Vanquished Creatures
  2 gnolls
  2 adders (D:2)
  3 worms (D:2)
  2 dart slugs (D:1)
  4 bats
  3 endoplasms (D:1)
  2 giant cockroaches
  6 goblins
  5 hobgoblins
  A quokka (D:1)
  7 ball pythons
  3 frilled lizards
  3 kobolds
  4 rats
47 creatures vanquished.

Vanquished Creatures (others)
  4 toadstools (D:1)
4 creatures vanquished.

Grand Total: 51 creatures vanquished

Notes
Turn   | Place    | Note
-------+----------+-------------------------------------------
     0 | D:1      | issech the Minotaur Monk began the quest for the Orb.
     0 | D:1      | Reached XP level 1. HP: 19/19 MP: 0/0
    67 | D:1      | Reached XP level 2. HP: 21/27 MP: 1/1
   722 | D:1      | Reached XP level 3. HP: 33/33 MP: 2/2
   931 | D:1      | Found a faded altar of an unknown god.
  1546 | D:2      | Reached XP level 4. HP: 41/41 MP: 3/3
  1692 | D:2      | Found Taebac's Armour Shoppe.
  2124 | D:2      | Slain by a gnoll

Illustrated notes

Levels and vault maps discovered:
D:1:      ldierk_walled_garden_2, layout_rooms,
          dreamdust_ecumenical_altar_angels_and_demons, minmay_small_reverse_x
D:2:      layout_loops_cross, serial_shops, shop, minmay_misc_feat_roman

Skill      XL: |  1  2  3 |
---------------+----------+-----
Fighting       | 4 |  4.6
Axes           | 4 |  4.5
Dodging        | 4 |  4.3
Stealth        | |  1.9

Action                   |  1- 3 |  4- 6 || total
-------------------------+-------+-------++-------
Melee: Hand axe          |    55 |       ||    55
       Headbutt          |    13 |    11 ||    24
       Punch             |     2 |     1 ||     3
       Dagger            |    20 |    36 ||    56
 Stab: Sleeping          |     4 |       ||     4
Armor: Robe              |    13 |     8 ||    21
Dodge: Dodged            |    60 |    28 ||    88
